 Dungeon Crawl Stone Soup version 0.25.1-2-g60ff931df9 (webtiles) character file.

Game seed: 9400161054779551817

20 Descartes the Sneak (level 2, 8/11 HPs)
             Began as a Felid Enchanter on Aug 17, 2020.
             Got out of the dungeon alive.
             The game lasted 00:02:14 (1192 turns).

Descartes the Sneak (Felid Enchanter)               Turns: 1192, Time: 00:02:14

Health: 8/11       AC:  1    Str:  4    XL:     2   Next: 58%
Magic:  6/6        EV: 18    Int: 16    God:
Gold:   14         SH:  0    Dex: 16    Spells: 4/5 levels left
                                        Lives:  0   Deaths: 0

rFire    . . .     SeeInvis +     - Unarmed
rCold    . . .     Gourm    .   (shield unavailable)
rNeg     . . .     Faith    .   (armour unavailable)
rPois    .         Spirit   .   (helmet unavailable)
rElec    .         Reflect  .   (cloak unavailable)
rCorr    .         Harm     .   (gloves unavailable)
MR       .....                  (boots unavailable)
Stlth    +++.......             (no amulet)
HPRegen  0.03/turn              (no ring)
MPRegen  0.10/turn              (no ring)

@: quick
A: very small, no armour, no weapons or thrown items, stealth, claws 1, fangs 3,
see invisible, carnivore, speed 1, shaggy fur 1, slow metabolism 1, sharp paws
a: no special abilities


You escaped.
You were full.

You visited 1 branch of the dungeon, and saw 1 of its levels.

You collected 14 gold pieces.

Inventory:

Missiles
 a - 7 stones
Scrolls
 c - a scroll of identify {unknown}
 e - a scroll of teleportation {unknown}
Potions
 d - a potion of lignification {unknown}
Comestibles
 b - 3 rations


   Skills:
 + Level 3.3 Dodging
 + Level 4.5 Stealth
 + Level 1.7 Unarmed Combat
 - Level 2.0 Spellcasting
 - Level 4.4 Hexes


You had 4 spell levels left.
You knew the following spells:

 Your Spells              Type           Power        Failure   Level  Hunger
a - Corona                Hex            ###....      3%          1    #......

Your spell library contained the following spells:

 Spells                   Type           Power        Failure   Level  Hunger
 Confusing Touch          Hex            ###.....     11%         3    ###....
 Tukima's Dance           Hex            ###.....     11%         3    ###....
 Ensorcelled Hibernation  Hex/Ice        #.....       13%         2    ###....
 Dazzling Flash           Conj/Hex       #.....       26%         3    ###....


Dungeon Overview and Level Annotations

Branches:
Dungeon (1/15)

Altars:


Innate Abilities, Weirdness & Mutations

You cannot wear armour.
You are incapable of wielding weapons or throwing items.
Your paws allow you to move quietly. (Stealth)
You have sharp claws.
You have razor-sharp teeth.
You have supernaturally acute eyesight. (SInv)
You are carnivorous and can eat meat at any time.
You cover ground quickly.
You are covered in fur. (AC +1)
You have a slow metabolism.
Your sharp claws are effective at attacking unaware monsters.


Message History

No target in view!
No target in view!
No target in view!
No target in view!
No target in view!
No target in view!
No target in view!
No target in view!
No target in view!
No target in view!
No target in view!
No target in view!
No target in view!
No target in view!
No target in view!
No target in view!
No target in view!
There is a staircase leading out of the dungeon here.
Are you sure you want to leave the Dungeon?
This will make you lose the game!
You have escaped!

......#### ###.##.#.. ......#..##
##...##.#.. ......#...# #########
#....##.#..
......#...###...8...###....##'###
......#...##..8...8..##.........#
......#...#8.........8#.......[.#
......#......8.....8............#
.###'##...#8.........8#.........#
..........##..8.@.8..##.........#
.....#....###...8...###.........#
.....##...# ######### #.....#'###
.....##..## ##....#.#
.....######################...#
..............#.......######..#
#########..[..#..............>#
#.#####..####...#######
#...............#


There were no monsters in sight!

Vanquished Creatures
  2 dart slugs (D:1)
  A giant cockroach (D:1)
  2 goblins (D:1)
  2 hobgoblins (D:1)
  A ball python (D:1)
  A bat (D:1)
  A frilled lizard (D:1)
  4 kobolds (D:1)
  3 rats (D:1)
17 creatures vanquished.

Notes
Turn   | Place    | Note
-------+----------+-------------------------------------------
     0 | D:1      | Descartes the Felid Enchanter began the quest for the Orb.
     0 | D:1      | Reached XP level 1. HP: 7/7 MP: 4/4
   494 | D:1      | Reached XP level 2. HP: 11/11 MP: 6/6
  1192 | D:$      | Got out of the dungeon alive.

Illustrated notes

Levels and vault maps discovered:
D:1:      erik_arrival_orb_chamber, layout_basic, minmay_misc_feat_tiny,
          moated_statue, minmay_crystal_room, grunt_decor_mini_mirrors

Skill      XL: |  1 |
---------------+----+-----
Dodging        | 3 |  3.3
Stealth        | |  4.5
Unarmed Combat | |  1.7
Spellcasting   | |  2.0
Hexes          | |  4.4

Action                   || total
-------------------------++-------
Melee: Unarmed           ||    62
       Bite              ||     6
 Stab: Sleeping          ||     1
  Eat: Chunk             ||     4
Dodge: Dodged            ||    61
